 Dungeon Crawl Stone Soup version 0.19-a0-1183-gcd7e582 (webtiles) character file.

3269 Arkorax the Skirmisher (level 9, -6/72 HPs)
             Began as a Demonspawn Gladiator on Aug 18, 2016.
             Was a Follower of Uskayaw.
             Splashed by Maurice's acid (18 damage)
             ... on level 8 of the Dungeon.
             The game lasted 00:10:25 (9274 turns).

Arkorax the Skirmisher (Demonspawn Gladiator)       Turns: 9274, Time: 00:10:26

Health: -6/72      AC:  9    Str: 18    XL:     9   Next: 68%
Magic:  9/9        EV:  7    Int: 10    God:    Uskayaw [*.....]
Gold:   316        SH:  3    Dex: 14    Spells: 0 memorised, 8 levels left

rFire  + . .     SeeInvis .     e - +0 morningstar (curse)
rCold  + . .     Gourm    .     D - +0 plate armour (curse)
rNeg   . . .     Faith    .     (no shield)
rPois  .         Spirit   .     (helmet restricted)
rElec  .         Dismiss  .     (no cloak)
rCorr  .         Reflect  .     (no gloves)
MR     .....     Harm     .     u - +1 pair of boots
Stlth  ..........               (no amulet)
                                B - ring of loudness (curse)
                                o - ring of protection from cold

@: corroded, drained
A: horns 1, large bone plates 2, fire resistance 1, nightstalker 2, flame cloud
immunity
a: Stomp, Renounce Religion


You were on level 8 of the Dungeon.
You worshipped Uskayaw.
Uskayaw was noncommittal.
You were not hungry.

You visited 2 branches of the dungeon, and saw 9 of its levels.

You collected 316 gold pieces.

Inventory:

Hand Weapons
 a - a +1 war axe
 e - a cursed +0 morningstar (weapon)
 l - a +2 flail of crushing
 C - a +0 mace of crushing
Missiles
 d - a throwing net (quivered)
Armour
 b - a +0 leather armour
 u - a +1 pair of boots (worn)
 D - a cursed +0 plate armour (worn)
 H - the +11 scale mail of Quantum Leap {*Drain +Inv rN+ Dex+4}
   (You found it on level 4 of the Dungeon)

   It affects your dexterity (+4).
   It protects you from negative energy.
   It lets you turn invisible.
   It causes draining when unequipped.
Jewellery
 k - an uncursed ring of fire
 m - an uncursed amulet of harm
 o - a ring of protection from cold (left hand)
 y - an uncursed ring of wizardry
 B - a cursed ring of loudness (right hand)
Wands
 h - a wand of digging (6/24)
 p - a wand of confusion (17/48)
 w - a wand of digging (14/24)
Scrolls
 g - a scroll of enchant weapon
 z - a scroll of immolation
 J - 2 scrolls of amnesia
Potions
 c - a potion of ambrosia {unknown}
 i - a potion of invisibility {unknown}
 j - 2 potions of flight {unknown}
 n - 5 potions of curing
 r - 2 potions of lignification
 s - a potion of brilliance
 t - a potion of magic {unknown}
 v - a potion of mutation {unknown}
Books
 F - a book of Air

   Spells                             Type                      Level
   a - Shock                          Conjuration/Air              1
   b - Swiftness                      Charms/Air                   2
   c - Repel Missiles                 Charms/Air                   2
   d - Static Discharge               Conjuration/Air              3
   e - Lightning Bolt                 Conjuration/Air              5
Comestibles
 f - a bread ration
 x - a slice of pizza
 A - a fruit
 E - 3 meat rations
 G - a beef jerky


   Skills:
 + Level 7.2 Fighting
 - Level 7.1(8.0) Axes
 * Level 5.7(7.3) Maces & Flails
 - Level 1.7 Throwing
 + Level 5.1 Armour
 - Level 4.1 Dodging


You had 8 spell levels left.
You didn't know any spells.

Dungeon Overview and Level Annotations

Branches:
Dungeon (8/15)             Temple (1/1) D:5
   Lair: D:8-11

Altars:
Ashenzari
Dithmenos
Fedhas
Nemelex Xobeh
Qazlal
Ru
Trog
Uskayaw
Vehumet
Xom
Yredelemnul
The Shining One

Annotations:
D:8 exclusion: door, Maurice


Innate Abilities, Weirdness & Mutations

You have a pair of small horns on your head.
You are mostly covered in large bone plates. (AC +3, SH +3)
Your flesh is heat resistant. (rF+)
You are significantly more attuned to the shadows.
You are immune to clouds of flame.


Message History

a giant spiked club; an ogre corpse No target in view!
You can no longer pass through a line of other dancers.
You now have 316 gold pieces (gained 19).
Maurice the Thief comes into view.
He is wielding a dagger of freezing.
Maurice shouts!
Maurice zaps a wand.
The bolt of acid hits you! The acid corrodes you!
The acid burns!
It is a wand of acid.
Maurice zaps a wand.
The bolt of acid hits you! The acid corrodes you!
The acid burns!
Maurice is nearby!
Maurice hits you with a dagger of freezing.
Maurice steals your 4 potions of brilliance!
Maurice is nearby!
Your plate armour prevents you from hitting Maurice.
Maurice says, "Lost something?"
Maurice zaps a wand.
The bolt of acid hits you!
* * * LOW HITPOINT WARNING * * *
The acid burns!
You die...

.....######## .....
............##......
............##.......
............##.......#
.[..).......##.......#
.≈.≈..................
#+##≈.................
##.....#...........
#..####.....@.###
#............@....
#..............##.
#.......######...
####.......... ....
...####....... ....
...# ........ ...#
...#


You could see Maurice.

Vanquished Creatures
  Grinder (D:5)
  A hippogriff (D:7)
  Edmund (D:5)
  A sky beast (D:7)
  2 orc warriors
  A phantom (D:4)
  A black bear (D:7)
  2 centaurs
  3 ogres
  A giant frog (D:6)
  A scorpion (D:4)
  17 killer bees (D:7)
  4 wights (D:7)
  3 howler monkeys (D:6)
  A crimson imp (D:5)
  A wasp zombie (D:6)
  A centaur skeleton (D:4)
  3 hounds (D:5)
  2 jellies
  2 orc priests
  Terence (D:2)
  4 orc wizards
  5 worker ants
  A hound zombie (D:7)
  12 adders
  4 gnolls (D:6)
  2 shadow imps
  2 oozes
  An adder skeleton (D:4)
  2 dart slugs
  11 giant geckos
  12 orcs
  3 bats
  8 giant cockroaches
  5 goblins
  9 hobgoblins
  6 jackals
  5 kobolds
  3 quokkas
  2 ball pythons (D:3)
  2 giant newts
  A jackal skeleton (D:4)
  2 quokka skeletons (D:4)
  10 rats
162 creatures vanquished.

Notes
Turn   | Place    | Note
-------+----------+-------------------------------------------
     0 | D:1      | Arkorax the Demonspawn Gladiator began the quest for the Orb.
     0 | D:1      | Reached XP level 1. HP: 16/16 MP: 1/1
   271 | D:1      | Gained mutation: You are partially covered in large bone plates. (AC +2, SH +2) [demonic ancestry]
   271 | D:1      | Reached XP level 2. HP: 22/22 MP: 2/2
   767 | D:2      | Reached XP level 3. HP: 16/28 MP: 3/3
  1042 | D:2      | Found a shimmering altar of Xom.
  1092 | D:2      | Found a sparkling altar of Nemelex Xobeh.
  1278 | D:2      | Noticed Terence
  1529 | D:2      | Killed Terence
  1529 | D:2      | Gained mutation: You are slightly more attuned to the shadows. [demonic ancestry]
  1529 | D:2      | Reached XP level 4. HP: 30/34 MP: 4/4
  1635 | D:2      | Found a radiant altar of Vehumet.
  2161 | D:3      | Found a stormy altar of Qazlal.
  2472 | D:3      | Gained mutation: Your flesh is heat resistant. (rF+) [demonic ancestry]
  2472 | D:3      | Reached XP level 5. HP: 40/41 MP: 5/5
  2640 | D:4      | Found a shadowy altar of Dithmenos.
  3186 | D:4      | Noticed a phantom
  3224 | D:4      | Killed a phantom
  3224 | D:4      | Gained mutation: You are mostly covered in large bone plates. (AC +3, SH +3) [demonic ancestry]
  3224 | D:4      | Reached XP level 6. HP: 20/47 MP: 6/6
  3499 | D:4      | Noticed an orc warrior
  3509 | D:4      | Killed an orc warrior
  3509 | D:4      | Reached skill level 5 in Axes
  3620 | D:4      | Got a polished scale mail
  3624 | D:4      | Identified the +11 scale mail of Quantum Leap {*Drain +Inv rN+ Dex+4} (You found it on level 4 of the Dungeon)
  3734 | D:4      | Reached skill level 1 in Armour
  3734 | D:4      | Gained mutation: You are immune to clouds of flame. [demonic ancestry]
  3734 | D:4      | Reached XP level 7. HP: 37/54 MP: 7/7
  4663 | D:5      | Entered Level 5 of the Dungeon
  4919 | D:5      | Found a blossoming altar of Fedhas.
  4919 | D:5      | Noticed Grinder
  4920 | D:5      | Noticed Edmund
  4924 | D:5      | Killed Grinder
  4924 | D:5      | Reached skill level 5 in Fighting
  4924 | D:5      | Gained mutation: You have a pair of small horns on your head. [demonic ancestry]
  4924 | D:5      | Reached XP level 8. HP: 62/62 MP: 8/8
  4930 | D:5      | Killed Edmund
  5027 | D:5      | Found a staircase to the Ecumenical Temple.
  5035 | Temple   | Entered the Ecumenical Temple
  5039 | Temple   | Became a worshipper of Uskayaw the Reveler
  5218 | D:5      | Found a glowing golden altar of the Shining One.
  5377 | D:6      | Found a sparkling altar of Nemelex Xobeh.
  5382 | D:6      | Reached * piety under Uskayaw
  5493 | D:6      | Reached skill level 1 in Maces & Flails
  5493 | D:6      | Reached ** piety under Uskayaw
  5508 | D:6      | Reached *** piety under Uskayaw
  5514 | D:6      | Reached **** piety under Uskayaw
  5662 | D:6      | Found a shattered altar of Ashenzari.
  7079 | D:7      | Gained mutation: You are significantly more attuned to the shadows. [demonic ancestry]
  7079 | D:7      | Reached XP level 9. HP: 56/69 MP: 9/9
  7169 | D:7      | Reached ***** piety under Uskayaw
  7933 | D:7      | Reached skill level 5 in Maces & Flails
  8666 | D:7      | Reached skill level 5 in Armour
  9270 | D:8      | Noticed Maurice
  9274 | D:8      | Splashed by Maurice's acid

Vault maps used:
D:1:      dpeg_arrival_shelter
D:2:      nicolae_overflow_crystal_walls, marbit_many_paths,
          overflow_temple_1_default, uniq_terence
D:3:      wad_crossroads, nicolae_qazlal_general_emergency, first_bread,
          st_stairs_12, minmay_ruptured
D:4:      minmay_opposing_rooms, nicolae_dithmenos_shadow_blocks
D:5:      lemuel_crystal_altar, basic_altar, uniq_grinder, uniq_edmund
D:6:      cheibrodos_ashenzari_chains, basic_altar, minivault_27
D:8:      hangedman_little_slice_of_home, minmay_guarded_unrand_finisher,
          uniq_maurice, uniq_grum
Temple:   zaba_magenta_temple

Skill      XL: |  1  2  3  4  5  6  7  8  9 |
---------------+----------------------------+-----
Axes           | 3 4 5 6 7 |  7.1
Dodging        | 3 4 |  4.1
Fighting       | 3 4 5 6 7 |  7.2
Armour         | 1 2 4 5 |  5.1
Maces & Flails | 3 5 |  5.7
Throwing       | |  1.7

Action                   |  1- 3 |  4- 6 |  7- 9 || total
-------------------------+-------+-------+-------++-------
Melee: War axe           |   111 |   142 |    73 ||   326
       Flail             |       |       |   261 ||   261
       Headbutt          |       |       |    40 ||    40
       Morningstar       |       |       |    27 ||    27
Throw: Throwing net      |     1 |     1 |       ||     2
Evoke: Wand              |       |       |     1 ||     1
  Use: Potion            |       |     3 |     6 ||     9
       Scroll            |       |     8 |     8 ||    16
 Stab: Held in net/web   |     1 |     1 |       ||     2
       Sleeping          |       |     7 |       ||     7
       Paralysed         |       |       |     8 ||     8
  Eat: Chunk             |     2 |     2 |     4 ||     8
       Bread ration      |       |     2 |     2 ||     4
       Fruit             |       |       |     3 ||     3
Armor: Leather armour    |    58 |    37 |       ||    95
       Plate armour      |       |    21 |   294 ||   315
       Skin              |       |       |    13 ||    13
Dodge: Dodged            |   118 |    65 |   154 ||   337
Block: Other             |     9 |    12 |    64 ||    85
